 Dungeon Crawl Stone Soup version 0.31-a0-219-g8d62b2e7bb (webtiles) character file.

Game seed: 6770105585814598676

21 lessens the Ruffian (level 2, 0/23 HPs)
             Began as a Minotaur Transmuter on July 4, 2023.
             Frozen to death by an endoplasm (2 damage)
             ... on level 1 of the Dungeon.
             The game lasted 00:00:49 (711 turns).

lessens the Ruffian (Minotaur Transmuter)            Turns: 711, Time: 00:00:49

Health: 0/23       AC:  2    Str: 14    XL:     2   Next: 62%
Magic:  3/3        EV: 12    Int: 10    God:
Gold:   41         SH:  0    Dex: 10    Spells: 2/3 levels left

rFire   . .          .
                       - Unarmed
rCold   . . .        (no shield)
rNeg    . . .        a - +0 robe
rPois   .            (helmet restricted)
rElec   .            (no cloak)
rCorr   .            (no gloves)
SInv    .            (no boots)
Will    .....        (no amulet)
Stlth   +            (no ring)
HPRegen 0.23/turn    (no ring)
MPRegen 0.08/turn

%: no passive effects
@: no status effects
A: horns 2, retaliatory headbutt
a: no special abilities


You were on level 1 of the Dungeon.
You visited 1 branch of the dungeon, and saw 1 of its levels.

You collected 41 gold pieces.

Inventory:

Hand Weapons
 c - a +0 mace
Missiles
 g - 5 stones
Armour
 a - a +0 robe (worn)
 i - a +2 pair of gloves
 j - a +0 pair of gloves
Scrolls
 d - a scroll of silence {unknown}
 e - 2 scrolls of vulnerability {unknown}
 h - a scroll of teleportation {unknown}
Potions
 b - a potion of lignification
 f - 2 potions of curing {unknown}


   Skills:
 - Level 1.2 Fighting
 + Level 2.9 Axes
 - Level 2.1 Dodging
 - Level 3.2 Unarmed Combat
 - Level 1.3 Spellcasting
 - Level 1.5 Transmutations


You had 2 spell levels left.
You knew the following spells:

 Your Spells              Type           Power      Damage    Failure   Level
a - Beastly Appendage     Tmut           6%         N/A       19%         1

Your spell library contained the following spells:

 Spells                   Type           Power      Damage    Failure   Level
 Wereblood                Tmut           3%         N/A       26%         2
 Kiss of Death            Conj/Necr      0%         2d5       32%         1
 Spider Form              Tmut/Pois      2%         N/A       58%         3
 Ignite Poison            Fire/Tmut/Pois 1%         N/A       63%         3
 Confusing Touch          Hex            0%         N/A       69%         3
 Ice Form                 Ice/Tmut       2%         N/A       94%         4
 Dispel Undead            Necr           0%         3d6       97%         4
 Sticky Flame             Conj/Fire      0%         2d3       97%         4
 Summon Forest            Summ/Tloc      0%         N/A       100%        5
 Eringya's Noxious Bog    Tmut/Pois      1%         N/A       100%        6
 Summon Hydra             Summ           0%         N/A       100%        7
 Ignition                 Fire           0%         3d3       100%        8


Dungeon Overview and Level Annotations

Branches:
Dungeon (1/15) Zot: 5261

Altars:


Innate Abilities, Weirdness & Mutations

You have a pair of horns on your head.
You reflexively headbutt those who attack you in melee.


Message History

No target in view!
Found a leather armour.
A kobold comes into view. It is wielding a +0 club.
The kobold shouts!
The kobold throws a stone.
The stone closely misses you.
A kobold is nearby!
A kobold is nearby!
The kobold throws a stone.
The stone closely misses you.
An endoplasm comes into view.
You see here 13 gold pieces.
Found a clear potion.
The kobold hits you with a +0 club.
You barely miss the kobold.
The endoplasm quivers.
The kobold completely misses you.
You barely miss the kobold. The kobold hits you with a +0 club.
You hit the endoplasm but do no damage. The kobold barely misses you.
The endoplasm freezes you.
You are frozen.
You hit the endoplasm but do no damage. The kobold hits you with a +0 club.
The endoplasm hits you.
You hit the endoplasm.
The endoplasm is severely wounded.
The kobold hits you with a +0 club. The endoplasm freezes you.
You are frozen.
* * * LOW HITPOINT WARNING * * *
You are too injured to fight recklessly!
You are too injured to fight recklessly!
You are too injured to fight recklessly!
The endoplasm attacks as you move away! The endoplasm barely misses you.
You furiously retaliate!
You headbutt the endoplasm.
You see here 5 stones.
You hit the endoplasm but do no damage.
The endoplasm is almost dead.
The kobold hits you with a +0 club.
* * * LOW HITPOINT WARNING * * *
The endoplasm freezes you.
You are frozen.
You die...

############ #########
#...[......# #.......#
#..........# #.......#
###....$.....# #.......#
## .............#
#.......# .#
.............# #.......#
.#
.............####.......#
.###
.......J.$..............#
...#
.!.....K@>...............
.#.#
....#########....########
.#.#######. #....# ###
.#.##~~~~## ###### #..
##..###~~~##### ###..
#####~~~~~~~~~### #....
~~~~~~~#####~~~~#
#############.# ##~~~###
#~~### #...........#†#
.###########~~~#
#...........#.#


You could see an endoplasm and a kobold.

Vanquished Creatures
  2 ball pythons (D:1)
  3 endoplasms (D:1)
  A goblin (D:1)
  3 hobgoblins (D:1)
  A quokka (D:1)
  A bat (D:1)
  4 frilled lizards (D:1)
  3 kobolds (D:1)
  A rat (D:1)
19 creatures vanquished.

Notes
Turn   | Place    | Note
-------+----------+-------------------------------------------
     0 | D:1      | lessens the Minotaur Transmuter began the quest for the
                  | Orb.
     0 | D:1      | Reached XP level 1. HP: 16/16 MP: 1/1
    21 | D:1      | Reached skill level 1 in Axes
   404 | D:1      | Found a faded altar of an unknown god.
   434 | D:1      | Reached XP level 2. HP: 22/23 MP: 3/3
   711 | D:1      | Frozen to death by an endoplasm

Illustrated notes

Levels and vault maps discovered:
D:1:      dpeg_arrival_tiny_f, layout_basic,
          shapermc_ecumenical_altar_mp_urbaneastern,
          chequers_serial_rivers_large_b

Skill      XL: |  1 |
---------------+----+-----
Axes           | 2 |  2.9
Fighting       | |  1.2
Dodging        | |  2.1
Unarmed Combat | |  3.2
Spellcasting   | |  1.3
Transmutations | |  1.5

Action                     || total
---------------------------++-------
  Melee: Unarmed           ||    45
         Headbutt          ||     6
         Punch             ||     1
 Armour: Robe              ||    10
  Dodge: Dodged            ||    42

Table legend: (Time is in decaauts)
 A = Elapsed time spent in this place.
 B = Non-inter-level travel time spent in this place.
 C = Inter-level travel time spent in this place.
 D = Time resting spent in this place.
 E = Time spent auto-exploring this place.
 F = Levels seen in this place.
 G = Mean time per level.
                   A        B        C        D        E       F      G
               +--------+--------+--------+--------+--------+-----+--------+
         Total |    738 |    738 |      0 |      0 |    624 |   1 |  738.0 |
       Dungeon |    738 |    738 |      0 |      0 |    624 |   1 |  738.0 |
               +--------+--------+--------+--------+--------+-----+--------+

Top non-repeatable levels by time:
     D:1: 738 daAuts

Levels and vault maps discovered:
D:1:      dpeg_arrival_tiny_f, layout_basic,
          shapermc_ecumenical_altar_mp_urbaneastern,
          chequers_serial_rivers_large_b
